 Dungeon Crawl Stone Soup version 0.26.0-16-gc1dbca0489 (webtiles) character file.

Game seed: 4144283238124485117

306 kaeus the Poker (level 6, 0/46 HPs)
             Began as a Demonspawn Gladiator on Jan 19, 2021.
             Was a Follower of Okawaru.
             Succumbed to a scorpion's poison
             ... on level 4 of the Dungeon.
             The game lasted 00:21:45 (3297 turns).

kaeus the Poker (Demonspawn Gladiator)              Turns: 3297, Time: 00:21:46

Health: 0/46       AC:  7    Str: 15 (16) XL:     6   Next: 16%
Magic:  6/6        EV: 13    Int:  7 (9)  God:    Okawaru [*.....]
Gold:   134        SH:  3    Dex: 14 (15) Spells: 5/5 levels left

rFire    + . .     SeeInvis .   a - +1 trident
rCold    . . .     Faith    +   h - +0 buckler
rNeg     . . .     Spirit   .   (no armour)
rPois    .         Reflect  .   c - +1 helmet
rElec    .         Harm     .   H - +2 cloak
rCorr    .         Rampage  .   r - +0 pair of gloves
Will     .....                  (no boots)
Stlth    ++........             l - amulet of faith
HPRegen  0.15/turn              (no ring)
MPRegen  0.10/turn              (no ring)

@: lethally poisoned (0 -> -3)
A: fire resistance 1, shaggy fur 1, flame cloud immunity, MP-powered wands
a: Renounce Religion, Heroism


You were on level 4 of the Dungeon.
You worshipped Okawaru.
Okawaru was aware of your devotion.
You visited 1 branch of the dungeon, and saw 4 of its levels.

You collected 134 gold pieces.

Inventory:

Hand Weapons
 a - a +1 trident (weapon)
 e - a +0 whip
 i - a +0 club
 j - a +0 whip
 m - a +0 short sword
 n - a +0 whip
 o - a +0 dagger
 s - a +0 club
 z - a +0 whip
 A - a +0 hunting sling
 B - a +0 club
 K - a +0 hand axe
Missiles
 d - 3 throwing nets (quivered)
 p - 49 arrows
 x - 29 bolts
 y - 17 poisoned darts
Armour
 b - a +0 leather armour
 c - a +1 helmet (worn)
 h - a +0 buckler (worn)
 r - a +0 pair of gloves (worn)
 u - a +0 helmet
 C - a +0 chain mail
 G - a +0 ring mail
 H - a +2 cloak (worn)
 J - a +0 robe
Jewellery
 l - an amulet of faith (around neck)
 L - an uncursed amulet of guardian spirit
Scrolls
 f - a scroll of identify
 g - a scroll of fog
 t - 4 scrolls of teleportation
 v - 4 scrolls of remove curse
 w - a scroll of fear
Potions
 k - 2 potions of brilliance
 q - 2 potions of flight
 F - a potion of degeneration


   Skills:
 + Level 2.7 Fighting
 + Level 4.5 Polearms
 + Level 2.0 Throwing
 + Level 1.6 Armour
 + Level 3.3 Dodging
 * Level 2.4 Stealth
 + Level 0.1 Shields


You had 5 spell levels left.
You didn't know any spells.
Your spell library was empty.

Dungeon Overview and Level Annotations

Branches:
Dungeon (4/15)
 Temple: D:4-7

Altars:
Ashenzari
Nemelex Xobeh
Okawaru
Trog


Innate Abilities, Weirdness & Mutations

Your flesh is heat resistant. (rF+)
You are immune to clouds of flame.
You are covered in fur. (AC +1)
You expend magic power (3 MP) to strengthen your wands.


Message History

u - a +0 helmet
* * * LOW HITPOINT WARNING * * *
You feel sick.
As you read the scroll of identify, it crumbles to dust.
C - a +0 chain mail
* * * LOW HITPOINT WARNING * * *
You feel sick.
You start removing your armour.
You continue taking off your +0 leather armour.
Keep disrobing? [Y]es or [N]o only, please.
Keep disrobing?
* * * LOW HITPOINT WARNING * * *
You feel sick.
You continue taking off your +0 leather armour. x2
* * * LOW HITPOINT WARNING * * *
You feel sick.
You continue taking off your +0 leather armour.
You finish taking off your +0 leather armour.
You die...

### #++#######
#... #....#...
#..##......#
#........#
###.......# ..
#..[..@..# .#
....##...## ..# .
##...## #<#
#....##..#
#####....#...#
.............#####
..................
#######....##...##
##..### .##


There were no monsters in sight!

Vanquished Creatures
  A scorpion (D:4)
  Jessica (D:2)
  3 orc wizards (D:3)
  3 gnolls (D:3)
  3 adders (D:2)
  4 worms
  2 dart slugs
  5 leopard geckos
  5 orcs
  7 bats
  4 giant cockroaches
  8 goblins
  14 hobgoblins
  5 frilled lizards
  4 kobolds
  5 rats
74 creatures vanquished.

Notes
Turn   | Place    | Note
-------+----------+-------------------------------------------
     0 | D:1      | kaeus the Demonspawn Gladiator began the quest for the Orb.
     0 | D:1      | Reached XP level 1. HP: 16/16 MP: 1/1
   280 | D:1      | Gained mutation: Your flesh is heat resistant. (rF+)
                  | [demonic ancestry]
   280 | D:1      | Reached XP level 2. HP: 8/22 MP: 2/2
   661 | D:1      | Reached skill level 3 in Polearms
   986 | D:2      | Found an iron altar of Okawaru.
  1031 | D:2      | Became a worshipper of Warmaster Okawaru
  1073 | D:2      | Reached XP level 3. HP: 27/27 MP: 3/3
  1331 | D:2      | Noticed Jessica
  1336 | D:2      | Killed Jessica
  1337 | D:2      | Reached skill level 1 in Stealth
  1337 | D:2      | Reached XP level 4. HP: 29/33 MP: 4/4
  1466 | D:2      | Found a sparkling altar of Nemelex Xobeh.
  1466 | D:2      | Found a bloodstained altar of Trog.
  1466 | D:2      | Found a broken altar of Ashenzari.
  1771 | D:2      | Reached skill level 1 in Armour
  1907 | D:3      | Gained mutation: You are immune to clouds of flame.
                  | [demonic ancestry]
  1907 | D:3      | Reached XP level 5. HP: 29/39 MP: 5/5
  1910 | D:3      | Reached skill level 4 in Polearms
  3282 | D:4      | Reached * piety under Okawaru
  3283 | D:4      | Reached XP level 6. HP: 9/46 MP: 6/6
  3288 | D:4      | Gained mutation: You expend magic power (3 MP) to
                  | strengthen your wands. [potion of mutation]
  3288 | D:4      | Gained mutation: You are covered in fur. (AC +1) [potion of
                  | mutation]
  3291 | D:4      | HP: 2/46 [poisoned by a scorpion]
  3297 | D:4      | Succumbed to a scorpion's poison

Illustrated notes

Levels and vault maps discovered:
D:1:      matt_arrival_los_fun, layout_basic
D:2:      layout_rooms, gammafunk_temple_overflow_forgotten,
          minmay_misc_feat_diagonals, amcnicky_mini_pool_small,
          okawaru_gym_becter, uniq_jessica
D:3:      layout_loops_corners
D:4:      layout_layer_cave, kennysheep_mini_moat, kennysheep_dice

Skill      XL: |  1  2  3  4  5 |
---------------+----------------+-----
Throwing       | 2 |  2.0
Dodging        | 3 |  3.3
Polearms       | 3 4 |  4.5
Stealth        | 1 2 |  2.4
Armour         | 1 |  1.6
Fighting       | |  2.7
Shields        | |  0.1

Action                   |  1- 3 |  4- 6 || total
-------------------------+-------+-------++-------
Melee: Trident           |   106 |   170 ||   276
  Use: Potion            |     1 |     5 ||     6
       Scroll            |       |    12 ||    12
 Stab: Sleeping          |       |     5 ||     5
Armor: Leather armour    |    28 |    45 ||    73
Dodge: Dodged            |    75 |   115 ||   190
Block: Buckler           |       |    14 ||    14
